 Dungeon Crawl Stone Soup version 0.29.1-1-gd02db6906a (webtiles) character file.

Game seed: 15663396838359209668

152 sankara the Chopper (level 5, -2/47 HPs)
             Began as a Hill Orc Fighter on Oct 20, 2022.
             Slain by Grinder (7 damage)
             ... while paralysed by Grinder
             ... on level 4 of the Dungeon.
             The game lasted 00:04:21 (2797 turns).

sankara the Chopper (Hill Orc Fighter)              Turns: 2797, Time: 00:04:21

Health: -2/47      AC: 13    Str: 19    XL:     5   Next: 34%
Magic:  5/5        EV:  2    Int:  8    God:
Gold:   208        SH:  0    Dex: 12    Spells: 4/4 levels left

rFire   + + .      SeeInvis .   a - +0 war axe
rCold   x . .      Faith    .   t - +2 buckler {rN+}
rNeg    + . .      Spirit   .   x - +0 fire dragon scales
rPois   .          Reflect  +   p - +2 helmet
rElec   .          Harm     .   (no cloak)
rCorr   .          Rampage  .   v - +0 pair of gloves
Will    .....                   (no boots)
Stlth   ..........              c - amulet of reflection
HPRegen 0.15/turn               (no ring)
MPRegen 0.09/turn               (no ring)

@: paralysed, lethally poisoned (-2 -> -6)
A: no striking features
a: no special abilities


You were on level 4 of the Dungeon.
You visited 1 branch of the dungeon, and saw 4 of its levels.

You collected 208 gold pieces.

Inventory:

Hand Weapons
 a - a +0 war axe (weapon)
Missiles
 e - 42 stones (quivered)
 s - 2 boomerangs
 u - 5 curare-tipped darts
Armour
 b - a +0 scale mail
 p - a +2 helmet (worn)
 t - a +2 buckler of positive energy (worn)
 v - a +0 pair of gloves (worn)
 x - +0 fire dragon scales (worn)
Jewellery
 c - an amulet of reflection (around neck)
Wands
 w - a wand of quicksilver (9)
Scrolls
 g - a scroll of teleportation {unknown}
 h - 4 scrolls of identify {unknown}
 l - a scroll of blinking {unknown}
 o - a scroll of fear {unknown}
 q - a scroll of summoning {unknown}
Potions
 d - 2 potions of might
 f - 2 potions of curing
 i - a potion of mutation {unknown}
 j - 2 potions of resistance {unknown}
 k - a potion of haste {unknown}
 m - a potion of invisibility {unknown}
 n - 2 potions of attraction {unknown}
 r - a potion of flight {unknown}


   Skills:
 + Level 4.5 Fighting
 * Level 5.0 Axes
 + Level 4.1 Armour
 - Level 4.0 Shields


You had 4 spell levels left.
You didn't know any spells.
Your spell library contained the following spells:

 Spells                   Type           Power      Damage    Failure   Level
 Foxfire                  Conj/Fire      0%         2x1d4     90%         1
 Sting                    Tmut/Pois      0%         1d3       90%         1
 Poisonous Vapours        Pois/Air       0%         N/A       97%         2
 Conjure Flame            Conj/Fire      0%         6-21      99%         3
 Inner Flame              Hex/Fire       0%         N/A       99%         3
 Flame Wave               Conj/Fire      0%         2d4       100%        4
 Olgreb's Toxic Radiance  Pois           0%         N/A       100%        4


Dungeon Overview and Level Annotations

Branches:
Dungeon (4/15)
 Temple: D:4-7

Altars:
Wu Jian

Annotations:
D:4 Grinder


Message History

You block Grinder's attack.
Unknown command.
You slash Grinder!
Grinder is heavily wounded.
You hit the scorpion but do no damage.
The scorpion stings you but does no damage.
You block Grinder's attack.
The scorpion stings you but does no damage.
Unknown command.
You completely miss Grinder.
Grinder is heavily wounded.
You closely miss the scorpion. Grinder hits you but does no damage.
You block the scorpion's attack.
Unknown command.
You hit Grinder.
Grinder is heavily wounded.
You closely miss the scorpion. The scorpion stings you.
Grinder gestures at you.
You suddenly lose the ability to move!
The scorpion stings you.
You are poisoned.
The scorpion poisons you! Grinder gestures at you.
You barely resist.
You feel very sick. The scorpion stings you.
Grinder hits you but does no damage.
You feel sick.
The scorpion stings you but does no damage.
Grinder hits you!
* * * LOW HITPOINT WARNING * * *
You writhe in agony.
* * * LOW HITPOINT WARNING * * *
* * * LOW HITPOINT WARNING * * *
You feel sick.
The scorpion stings you but does no damage.
Grinder hits you but does no damage.
* * * LOW HITPOINT WARNING * * *
You feel sick.
The scorpion stings you but does no damage.
Grinder hits you!
You die...

...#
#######.....#######.
...#
#.<......##.........
...#
#............######.
...# #.....)...##.#
...#
#.........##.######.
..<#
#........###.#......
##.###.........##...#
#....###..###..s)..#
####.# #.## ##.@#.##
#.....# #.5..#
##..#.# #.#.....
..... .. ....## ...##
..# ##..# .... ..#
#..# .##...## ..# #.
..


You could see Grinder and a scorpion.

Vanquished Creatures
  Terence (D:2)
  Robin (D:2)
  3 adders (D:3)
  3 worms
  A dart slug (D:2)
  7 ball pythons
  3 endoplasms
  A giant cockroach (D:4)
  15 goblins
  5 hobgoblins (D:2)
  10 jackals
  2 quokkas (D:1)
  A frilled lizard (D:3)
  10 kobolds
  6 rats
69 creatures vanquished.

Notes
Turn   | Place    | Note
-------+----------+-------------------------------------------
     0 | D:1      | sankara the Hill Orc Fighter began the quest for the Orb.
     0 | D:1      | Reached XP level 1. HP: 19/19 MP: 1/1
    79 | D:1      | Reached skill level 3 in Axes
   162 | D:1      | Reached XP level 2. HP: 25/27 MP: 2/2
   786 | D:2      | Reached XP level 3. HP: 20/33 MP: 3/3
  1380 | D:2      | Reached skill level 4 in Axes
  1542 | D:2      | Reached XP level 4. HP: 40/40 MP: 4/4
  1568 | D:2      | Noticed Terence
  1581 | D:2      | Killed Terence
  1697 | D:2      | Noticed Robin
  1715 | D:2      | Killed Robin
  1766 | D:2      | Found a faded altar of an unknown god.
  1901 | D:3      | Identified the +3 mace of the Foremost Knaves {speed,
                  | Str+4}
  1931 | D:3      | Reached XP level 5. HP: 47/47 MP: 5/5
  2395 | D:3      | Reached skill level 5 in Axes
  2582 | D:3      | Found an ornate altar of the Wu Jian Council.
  2779 | D:4      | Noticed Grinder
  2782 | D:4      | Paralysed by Grinder for 4 turns
  2793 | D:4      | Paralysed by Grinder for 5 turns
  2797 | D:4      | Slain by Grinder

Illustrated notes

Levels and vault maps discovered:
D:1:      dpeg_arrival_snail, layout_rooms, serial_rivers,
          chequers_serial_rivers_small_a, chequers_serial_rivers_large_a,
          chequers_serial_rivers_micro_b, chequers_serial_rivers_small_b,
          minmay_pentomino_o4
D:2:      layout_rooms, shapermc_ecumenical_altar_hornbeckon,
          grunt_decor_junction, minivault_11, kennysheep_generic_room_16,
          uniq_terence, uniq_robin
D:3:      layout_loops_ring, lemuel_coloured_pillars_altar, minivault_26
D:4:      layout_rooms, vehumet_altar_wand_db, minmay_temple_entry_stoned_glass,
          nicolae_hexahallways, minmay_bent, uniq_grinder

Skill      XL: |  1  2  3  4  5 |
---------------+----------------+-----
Axes           | 3 4 5 |  5.0
Fighting       | 4 |  4.5
Armour         | 4 |  4.1
Shields        | 4 |  4.0

Action                   |  1- 3 |  4- 6 || total
-------------------------+-------+-------++-------
Melee: War axe           |    87 |    85 ||   172
Armor: Scale mail        |    43 |    39 ||    82
       Fire dragon scale |       |    15 ||    15
Dodge: Dodged            |    50 |    32 ||    82
Block: Buckler           |    20 |    32 ||    52
